[Event "Late-Titled-Tuesday-Blitz-May-07-2024"]
[Site "Chess.com"]
[Date "2024.05.07"]
[Round "2"]
[White "nabukatnezarr"]
[Black "penguingm1"]
[Result "0-1"]
[WhiteElo "2609"]
[BlackElo "2895"]
[TimeControl "180+1"]
[EndTime "14:18:06 PDT"]
[Termination "penguingm1 won on time"]

1. d4 d5 2. c4 e6 3. Nc3 Be7 4. Nf3 Nf6 5. cxd5 exd5 6. Bg5 c6 7. e3 Bf5 8. Bd3 Bxd3 9. Qxd3 Nbd7 10. O-O O-O 11. h3 Re8 12. Rab1 a5 13. Rfc1 Ne4 14. Bxe7 Qxe7 15. a3 Nd6 16. Nd2 h5 17. Na4 Qf6 18.
Nc5 Nxc5 19. Rxc5 a4 20. Rf1 Re6 21. Qc2 Qe7 22. Rc3 Rg6 23. Kh1 Qg5 24. Rg1 Rf6 25. Nf3 Qh6 26. Qd1 Ne4 27. Rc2 g5 28. Rf1 g4 29. Ne5 g3 30. f4 Re6 31. Qf3 f6 32.
Nd3 Re7 33. Kg1 Rae8 34. Re2 h4 35. f5 Ng5 36. Qf4 Re4 37. Qc7 Rxe3 38. Rxe3 Nxh3+ 39. gxh3 Qxe3+ 40. Nf2 Kh8 41. Qxb7 gxf2+ 42. Rxf2 Qg3+ 43.
Kf1 Qxh3+ 44. Rg2 Qf3+ 45. Kg1 Re1+ 46. Kh2 Qf4+ 0-1

[Event "Late-Titled-Tuesday-Blitz-May-07-2024"]
[Site "Chess.com"]
[Date "2024.05.07"]
[Round "2"]
[White "KaydenTroffChess"]
[Black "Naoki"]
[Result "1-0"]
[WhiteElo "2861"]
[BlackElo "2583"]
[TimeControl "180+1"]
[EndTime "14:18:07 PDT"]
[Termination "KaydenTroffChess won by resignation"]

1. d4 Nf6 2. Nf3 g6 3. Bg5 Bg7 4. Nc3 h6 5. Bxf6 exf6 6. h4 d5 7. g3 O-O 8. Bg2 c6 9. e3 Bf5 10. O-O Re8 11. Rc1 Nd7 12. Ne2 g5 13. c4 Be4 14.
cxd5 Bxd5 15. Nc3 Nb6 16. Nxd5 Nxd5 17. Bh3 Qd6 18. Qd2 Re7 19. Bf5 Rae8 20. Kg2 Rxe3 21.
fxe3 Nxe3+ 22. Kh2 Nxf5 23. Qf2 gxh4 24. Kh3 Nxg3 25.
Rfe1 Qd7+ 26. Kh2 Rxe1 27. Rxe1 Qg4 28. Qg2 f5 29. Ne5 Qf4 30. Kh3 Bxe5 31. dxe5 Qg4+ 32. Kh2 f4 33. Qh3 Qf3 34. Qg2 Qg4 35. e6 fxe6 36.
Qh3 Qxh3+ 37. Kxh3 Kf7 38. Kxh4 Nf5+ 39. Kg4 Kf6 40.
Kxf4 h5 41. Rd1 e5+ 42. Ke4 Nd4 43. Rf1+ Ke6 44. Rg1 h4 45. Rg6+ Kf7 46. Rh6 Ne6 47. Kxe5 Nc5 48. Kf5 h3 49. Rxh3 Ke7 50. Ke5 Kd7 51.
Rh7+ Kc8 52. b4 Na6 53. Kd6 b6 54. a3 c5 55. Rxa7 Nb8 56. b5 c4 57. Rc7+ Kd8 58.
Rxc4 Nd7 59. Rh4 Nf6 60. Rh8+ Ne8+ 61. Kc6 Ke7 62. Rxe8+ Kxe8 63. Kxb6 1-0

[Event "Late-Titled-Tuesday-Blitz-May-07-2024"]
[Site "Chess.com"]
[Date "2024.05.07"]
[Round "2"]
[White "FredddieCroderg"]
[Black "only_strong_moves"]
[Result "0-1"]
[WhiteElo "2412"]
[BlackElo "2689"]
[TimeControl "180+1"]
[EndTime "14:18:07 PDT"]
[Termination "only_strong_moves won by checkmate"]

1. e4 e5 2. Qf3 Nc6 3. Bc4 Nf6 4. c3 Be7 5. h3 O-O 6. g4 Na5 7. Be2 d5 8. d3 dxe4 9. dxe4 Be6 10. Nd2 c6 11. Qg3 c5 12. h4 Nd7 13. h5 Bg5 14. Ndf3 Bxc1 15. Rxc1 Bc4 16. g5 Qb6 17.
Rc2 Rad8 18. g6 fxg6 19. hxg6 Qxg6 20. Qxg6 hxg6 21. Ng5 Nf6 22. Bxc4+ Nxc4 23. Ne6 Nxe4 24. Nxf8 Rxf8 25. Rh4 Ncd6 26. Re2 Nf6 27. Rxe5 Kf7 28. Nf3 Nf5 29. Ng5+ Kg8 30. Ra4 Nd7 31. Re6 a6 32.
Rxg6 Nf6 33. Nf3 Re8+ 34. Kf1 Kf7 35. Rg5 g6 36. Rg2 Rd8 37. Ke2 Re8+ 38. Kd1 Nd5 39. Ng5+ Kf6 40. Ne4+ Ke5 41. Rxg6 Nf4 42. Rg7 Nxg7 43.
Ng5 Rd8+ 44. Ke1 Kf5 45. Nf7 Re8+ 46. Kf1 Re6 47. Ra5 b6 48. Rxa6 Rf6 49. Nd8 Rd6 50. Nb7 Rd1# 0-1

[Event "Late-Titled-Tuesday-Blitz-May-07-2024"]
[Site "Chess.com"]
[Date "2024.05.07"]
[Round "2"]
[White "bipe137"]
[Black "jefferyx"]
[Result "0-1"]
[WhiteElo "2682"]
[BlackElo "3120"]
[TimeControl "180+1"]
[EndTime "14:18:08 PDT"]
[Termination "jefferyx won by checkmate"]

1. d4 Nf6 2. c4 c5 3. d5 b5 4. Nf3 g6 5. Qc2 b4 6. e4 d6 7. e5 dxe5 8. Nxe5 Bg7 9. Nd2 O-O 10.
Ndf3 e6 11. dxe6 Bxe6 12. Be3 Nfd7 13. Rd1 Bf5 14. Qc1 Qf6 15. Nd3 Re8 16. Be2 Bxd3 17. Bxd3 Qxb2 18. Qxb2 Bxb2 19. O-O a5 20. Bc2 a4 21.
Rd6 b3 22. Bb1 Ne5 23. Nd2 bxa2 24. Bxa2 Na6 25. h3 Nb4 26. Bb1 a3 27. Bxc5 a2 28.
Bxa2 Nxa2 29. f4 Rec8 30. fxe5 Rxc5 31. e6 fxe6 32. Rxe6 Bd4+ 33. Kh1 Nc3 34. Re7 Rf5 35. Rfe1 Rf7 36. R7e6 Raf8 37. Nf3 Bf6 38. R1e3 Na4 39. Rc6 Re7 40. Ra3 Nb2 41. Raa6 Bg7 42. c5 Nd3 43.
Ra3 Ne5 44. Nxe5 Rf1+ 45. Kh2 Bxe5+ 46. g3 Rf2+ 47. Kg1 Rc2 48. Rd3 Bd4+ 49. Kf1 Rf2+ 50. Kg1 Re1# 0-1

[Event "Late-Titled-Tuesday-Blitz-May-07-2024"]
[Site "Chess.com"]
[Date "2024.05.07"]
[Round "2"]
[White "carokannlover213"]
[Black "Matalon"]
[Result "1-0"]
[WhiteElo "2720"]
[BlackElo "2424"]
[TimeControl "180+1"]
[EndTime "14:18:08 PDT"]
[Termination "carokannlover213 won by checkmate"]

1. c4 Nf6 2. Nc3 g6 3. e4 d6 4. Be2 Bg7 5. h4 h5 6. d4 O-O 7. Bg5 c5 8. d5 b5 9. cxb5 a6 10. a4 Nbd7 11. Nf3 Qa5 12. Bd2 axb5 13. Bxb5 Ba6 14. O-O c4 15. Qe2 Rfc8 16. Bc6 Rab8 17. Nb5 Qd8 18. Bc3 Nb6 19. Nbd4 Nfd7 20. Bb5 Bxb5 21.
axb5 Nc5 22. Nc6 Qd7 23. Ra7 Rb7 24. Rxb7 Qxb7 25. Bxg7 Kxg7 26. Ng5 Nd3 27. Qf3 Rf8 28.
b3 Ne5 29. Qc3 cxb3 30. Nxe5 dxe5 31. Qxe5+ f6 32. Ne6+ Kf7 33. Qf4 Rh8 34. Qf3 b2 35. Qb3 Nd7 36. Qxb2 Rb8 37. Rb1 Ne5 38. Qb3 Qb6 39. Qc3 Ng4 40. Qc5 Qa5 41. f3 Qa2 42. Rf1 Ne5 43. Nc7 Nd3 44. Qc6 Nf4 45. Rf2 Qa1+ 46.
Kh2 Qd4 47. Rc2 Qd3 48. Ne6 Ne2 49. Qc7 Qe3 50. Rxe2 Qxe2 51. Qxb8 Qe1 52. Qf8# 1-0

[Event "Late-Titled-Tuesday-Blitz-May-07-2024"]
[Site "Chess.com"]
[Date "2024.05.07"]
[Round "2"]
[White "deathadder96"]
[Black "manmanlai1"]
[Result "1-0"]
[WhiteElo "2854"]
[BlackElo "2577"]
[TimeControl "180+1"]
[EndTime "14:18:09 PDT"]
[Termination "deathadder96 won on time"]

1. c4 e5 2. Nc3 f5 3. d4 e4 4. g3 Nf6 5. h4 c6 6. d5 Bb4 7. Qb3 Qe7 8. Nh3 Na6 9. Bg5 O-O 10.
Nf4 d6 11. Bh3 Kh8 12. h5 Kg8 13. O-O-O c5 14. Kb1 Nc7 15. f3 b5 16. cxb5 Bxc3 17. bxc3 Rb8 18. a4 c4 19. Qxc4 a6 20. b6 Rxb6+ 21. Kc2 Bd7 22. Rb1 Rfb8 23. Rxb6 Rxb6 24. h6 Nce8 25. hxg7 exf3 26. exf3 Qe3 27. Rf1 Nh5 28.
Ne6 Qe5 29. Bd2 Qxg3 30. Bxf5 Nhf6 31. Qd4 Rb8 32. Bd3 Qh2 33. Qf2 Bxa4+ 34. Kc1 Qh5 35. Qd4 Bd7 36. Nf4 Qf7 37. Re1 a5 38. c4 Nxg7 39.
Ne6 Nxe6 40. dxe6 Bxe6 41. Rg1+ Kf8 42. Qxd6+ 1-0

[Event "Late-Titled-Tuesday-Blitz-May-07-2024"]
[Site "Chess.com"]
[Date "2024.05.07"]
[Round "2"]
[White "Magicmaster17"]
[Black "MusicCityMaster"]
[Result "1-0"]
[WhiteElo "2910"]
[BlackElo "2440"]
[TimeControl "180+1"]
[EndTime "14:18:09 PDT"]
[Termination "Magicmaster17 won by resignation"]

1. d4 Nf6 2. Bf4 d6 3. Nf3 Nbd7 4. Nc3 c5 5. e3 a6 6. a4 b6 7. d5 Bb7 8. Bc4 g6 9. O-O Bg7 10. h3 O-O 11. e4 Nh5 12. Bh2 Ne5 13. Be2 Nxf3+ 14. Bxf3 Nf6 15. Qd2 Nd7 16. Be2 f5 17. exf5 Rxf5 18. Bg4 Rf8 19. Rae1 Ne5 20. Be6+ Kh8 21.
b3 Bc8 22. f4 Bxe6 23. fxe5 Bf5 24. e6 h5 25. Ne2 b5 26. Ng3 Qe8 27. Nxf5 gxf5 28.
Qg5 Bd4+ 29. Kh1 Rf6 30. Rxf5 Qg6 31. Qxh5+ Qxh5 32. Rxh5+ Kg7 33. Rg5+ Kh6 34. Rg4 Raf8 35. Rh4+ Kg5 36. Rg4+ Kh6 37. Rxd4 cxd4 38. Bg1 Rf1 39. Re4 Rc1 40. Kh2 Rxc2 41. Bxd4 Rg8 42. Rh4+ Kg6 43. axb5 axb5 44. Rg4+ Kh7 45. Rh4+ Kg6 46. Rf4 Kh5 47. Bf2 Rd2 48. g4+ Kh6 49. Rf7 Rg7 50. Kg3 Rxf7 51. Be3+ Kg7 52. Bxd2 Rf1 53. h4 Rd1 54.
Bg5 Kf8 55. Bh6+ Ke8 56. g5 Rxd5 57. g6 Rd1 58. g7 Rg1+ 59. Kf3 Rg6 60. h5 Rg1 61.
Kf4 Kd8 62. Bg5 Rf1+ 63. Ke4 Re1+ 64. Kf5 Rf1+ 65. Kg6 1-0

[Event "Late-Titled-Tuesday-Blitz-May-07-2024"]
[Site "Chess.com"]
[Date "2024.05.07"]
[Round "2"]
[White "quvnoq_muxlis"]
[Black "ExchangeAB"]
[Result "1-0"]
[WhiteElo "2699"]
[BlackElo "2422"]
[TimeControl "180+1"]
[EndTime "14:18:09 PDT"]
[Termination "quvnoq_muxlis won by resignation"]

1. g4 d5 2. Bg2 c6 3. g5 h6 4.
h4 hxg5 5. hxg5 Rxh1 6. Bxh1 e5 7. d4 e4 8. c4 Be6 9. Nc3 Ne7 10. Bg2 Nf5 11. cxd5 cxd5 12. Nh3 Nc6 13. Nf4 Nfxd4 14.
g6 Bb4 15. Bd2 Qd7 16. a3 Ba5 17. b4 Bc7 18. Be3 Bxf4 19. Bxf4 a6 20. Na4 fxg6 21. Nb6 Qf7 22. Be3 Nf5 23. Nxa8 Nxe3 24. fxe3 Qe7 25. Kf2 Ne5 26. Qe1 Ng4+ 27. Kg1 Qd8 28. Qg3 Qxa8 29. Bh3 Qc8 30. Rf1 Bf5 31. Bxg4 Bxg4 32. Qe5+ Qe6 33. Qxg7 Bf5 34. Rf4 Qe7 35. Qxe7+ Kxe7 36. Rf1 Kd6 37. Kf2 g5 38. Rc1 g4 39. Kg3 Bd7 40. Kf4 Be6 41.
Rh1 Bd7 42. Rh6+ Kc7 43. Rg6 Bc8 44. Ke5 Bd7 45. Kxd5 Bc6+ 46. Ke5 Kb6 47. a4 a5 48. b5 Kc5 49. bxc6 bxc6 50. Rxg4 Kb4 51. Rxe4+ 1-0

[Event "Late-Titled-Tuesday-Blitz-May-07-2024"]
[Site "Chess.com"]
[Date "2024.05.07"]
[Round "2"]
[White "Temirlan_Baltabaev"]
[Black "XDPS"]
[Result "0-1"]
[WhiteElo "2558"]
[BlackElo "2830"]
[TimeControl "180+1"]
[EndTime "14:18:10 PDT"]
[Termination "XDPS won by resignation"]

1. d4 d5 2. Nf3 Nf6 3. g3 Bf5 4. Bg2 e6 5. O-O h6 6. c4 c6 7.
Nbd2 Be7 8. b3 O-O 9. Bb2 Bh7 10.
Ne5 Nbd7 11. Re1 Nxe5 12. dxe5 Nd7 13. e4 dxc4 14. Nxc4 Qc7 15. f4 Rfd8 16. Qc2 b5 17.
Ne3 Rac8 18. Rad1 c5 19. h4 c4 20. bxc4 bxc4 21. Bd4 Nb6 22. Kh2 Bb4 23. Rf1 c3 24. f5 Nc4 25. Nxc4 Qxc4 26. Bxa7 Rd2 27. Rxd2 cxd2 28.
Qxc4 Rxc4 29. Be3 exf5 30. exf5 Bxf5 31. Bxd2 Bd3 32. Rf2 Bc5 33. Rf3 Bb1 34. a3 Rc2 35. Bb4 Bd4 36. Rd3 Rxg2+ 37. Kxg2 Bxd3 38. Bd6 Bc2 39. Kf3 h5 40. g4 hxg4+ 41. Kxg4 Kh7 42. Kf4 Bc3 43. Be7 Kg6 44. Bd6 Bd2+ 45. Kf3 Bd1+ 46. Ke4 Be1 47. Be7 Kh5 48. Bf8 g6 49. Kd5 Bxh4 50.
Kd6 Bg3 51. Bg7 g5 52. Ke7 Kg6 53. Bf6 g4 54. e6 fxe6 55. Kxe6 Bb3+ 56. Ke7 Bf4 57.
Bd4 g3 58. Bg1 g2 59. Kd7 Kf5 60. Kc6 Bc1 61. Kc5 Bxa3+ 62. Kd4 Kg4 63. Kd3 Kf3 64. Kd2 Bd6 0-1

[Event "Late-Titled-Tuesday-Blitz-May-07-2024"]
[Site "Chess.com"]
[Date "2024.05.07"]
[Round "2"]
[White "ab-lsv"]
[Black "zajka-molotok"]
[Result "1-0"]
[WhiteElo "2394"]
[BlackElo "2549"]
[TimeControl "180+1"]
[EndTime "14:18:10 PDT"]
[Termination "ab-lsv won by resignation"]

1. d4 d5 2. c4 e6 3. Nc3 c5 4.
cxd5 exd5 5. Nf3 Nf6 6. Bg5 Be6 7. e4 dxe4 8. Bxf6 Qxf6 9. Nxe4 Qf4 10. Bb5+ Nd7 11.
Qe2 cxd4 12. Bxd7+ Kxd7 13. O-O Rd8 14. Nxd4 Kc8 15.
Nxe6 fxe6 16. Rac1+ Kb8 17. g3 Qf5 18. Qc4 Qe5 19.
Rfe1 Be7 20. f4 Qd4+ 21. Qxd4 Rxd4 22. Kf2 Rhd8 23. Re2 a6 24. a3 Ka7 25. Rce1 Bf8 26.
Nc3 Rd2 27. Kf3 R8d3+ 28. Ke4 Bd6 29. Rxd2 Rxd2 30. Re2 Rxe2+ 31. Nxe2 Kb6 32. Nd4 Kc5 33.
Nxe6+ Kc4 34. Nxg7 Kb3 35. Nf5 Bf8 36. Ne3 Kxb2 37.
a4 Kb3 38. a5 Ka4 39. Nc4 Kb4 40.
Kd5 Kb5 41. g4 h6 42. h4 Bb4 43. g5 hxg5 44. hxg5 Be7 45. g6 Bf6 46. f5 Bc3 47.
Ne5 Kxa5 48. g7 1-0

[Event "Late-Titled-Tuesday-Blitz-May-07-2024"]
[Site "Chess.com"]
[Date "2024.05.07"]
[Round "2"]
[White "BilodeauA"]
[Black "Nf3c5"]
[Result "1-0"]
[WhiteElo "2910"]
[BlackElo "2617"]
[TimeControl "180+1"]
[EndTime "14:18:11 PDT"]
[Termination "BilodeauA won by resignation"]

1. e4 c5 2. Nf3 Nc6 3. Nc3 e5 4. Bc4 Be7 5. d3 d6 6. Nd2 h6 7. Nf1 Nf6 8. Ne3 Be6 9. O-O O-O 10.
a3 Nd7 11. h3 Nb6 12. Bd5 Bg5 13. Bxe6 fxe6 14. Ne2 Nd4 15. Ng3 Bf4 16. Nh5 Qg5 17. c3 Nc6 18. g3 Bxe3 19. Bxe3 Qg6 20. b3 Nd7 21. Kh2 Nf6 22. Nxf6+ Rxf6 23. f4 Raf8 24. Qd2 Ne7 25. Rf2 Qe8 26. fxe5 Rxf2+ 27. Bxf2 Qf7 28. Bg1 Nc6 29. exd6 Ne5 30. Qf4 Nf3+ 31. Kg2 Qd7 32. Qe3 Qxd6 33. Rf1 Ne5 34. Rxf8+ Qxf8 35. d4 cxd4 36.
cxd4 Nc6 37. d5 Ne5 38. Qf4 Qd6 39. Bd4 Nf7 40. Qxd6 Nxd6 41. dxe6 a6 42. Kf3 Nb5 43. e7 Nxd4+ 44. Ke3 Nc2+ 45. Kd2 Kf7 46. Kxc2 Kxe7 47. Kd3 Ke6 48. Kd4 Kd6 49. e5+ Ke6 50. Ke4 b6 51. g4 g6 52. h4 h5 53. g5 a5 54.
a4 Ke7 55. Kd5 Kd7 56. e6+ Ke7 57. Ke5 1-0

[Event "Late-Titled-Tuesday-Blitz-May-07-2024"]
[Site "Chess.com"]
[Date "2024.05.07"]
[Round "2"]
[White "imdvb6307"]
[Black "Navyblue1"]
[Result "1/2-1/2"]
[WhiteElo "2509"]
[BlackElo "2230"]
[TimeControl "180+1"]
[EndTime "14:18:12 PDT"]
[Termination "Game drawn by repetition"]

1. d4 Nf6 2. Nf3 g6 3. c4 Bg7 4. Nc3 O-O 5. e4 d6 6. Be2 Qe8 7. O-O e5 8. dxe5 dxe5 9. Nd5 Na6 10. Nxf6+ Bxf6 11. Be3 Be6 12. a3 c5 13. Qb3 Qc6 14.
Ng5 Bd7 15. Rad1 Nc7 16. Qd3 Rfd8 17. Qd6 b6 18. f3 h6 19. Qxc6 Bxc6 20. Nh3 Kg7 21. b4 Ne6 22. bxc5 bxc5 23. Nf2 Nd4 24. Rfe1 Ba4 25. Rb1 Rab8 26. Rxb8 Rxb8 27. Bxd4 cxd4 28.
Nd3 Bc2 29. Rc1 Bxd3 30. Bxd3 Rb3 31. Bf1 Rxa3 32. c5 Bd8 33. c6 Bc7 34. Bc4 Ra5 35. Bd5 Rb5 36. Ra1 a5 37. Kf1 Rb6 38. Ra2 Kf8 39.
Ke2 Ke7 40. Kd3 Rb4 41. h4 f6 42. g4 Kf8 43. h5 g5 44. Rc2 Ke7 45. Rc4 Kd6 46.
Rxb4 axb4 47. Kc4 Ba5 48. Kb5 Bc7 49. Kxb4 Bd8 50. Kb5 Bc7 51. Bc4 Bb8 52. Bd3 Bc7 53.
Bc4 Bd8 54. Bd3 Bc7 55. Bc4 1/2-1/2

[Event "Late-Titled-Tuesday-Blitz-May-07-2024"]
[Site "Chess.com"]
[Date "2024.05.07"]
[Round "2"]
[White "Lady_Nika"]
[Black "APOKALIPSA13"]
[Result "1-0"]
[WhiteElo "2491"]
[BlackElo "2173"]
[TimeControl "180+1"]
[EndTime "14:18:12 PDT"]
[Termination "Lady_Nika won by resignation"]

1. g4 d5 2. h3 h5 3. gxh5 Rxh5 4.
e3 g6 5. d4 c5 6. c3 c4 7. Bg2 Nc6 8. Ne2 e5 9. dxe5 Nxe5 10.
Nf4 Rg5 11. h4 Rxg2 12. Nxg2 Bg4 13. Qa4+ Bd7 14. Qc2 Bf5 15. Qa4+ Bd7 16. Qd1 Nd3+ 17. Kf1 Nf6 18. Nf4 Bg4 19. f3 Bf5 20. Nxd3 Bxd3+ 21. Kf2 Nh5 22. Qa4+ Ke7 23. Qb5 Kf6 24. e4 Qb6+ 25.
Qxb6+ axb6 26. exd5 Bc5+ 27. Be3 Bxe3+ 28. Kxe3 Ng3 29. Rg1 Re8+ 30. Kf2 Nf5 31. Re1 Rd8 32. Nd2 Rxd5 33. Ne4+ Kg7 34. h5 Nh6 35. hxg6 fxg6 36.
Rad1 Nf5 37. b3 cxb3 38. axb3 b5 39. Ng5 Kf6 40. Ne6 g5 41. Nc7 Rd7 42. c4 bxc4 43. bxc4 Nh6 44. Nd5+ Rxd5 45. cxd5 Bb5 46. Re6+ Kg7 47.
Rb6 Be8 48. Rxb7+ Kf6 49. d6 Nf5 50. d7 Bxd7 51. Rbxd7 Nh4 52. R7d4 Kf5 53. Rxh4 gxh4 54. Rh1 Kg5 55. Kg2 Kh5 56. f4 Kg4 57. Kf2 h3 58. Ke3 Kg3 59. f5 Kg2 60. Rxh3 Kxh3 61. f6 1-0

[Event "Late-Titled-Tuesday-Blitz-May-07-2024"]
[Site "Chess.com"]
[Date "2024.05.07"]
[Round "2"]
[White "besarquis"]
[Black "TheDiscoOne"]
[Result "0-1"]
[WhiteElo "2250"]
[BlackElo "2522"]
[TimeControl "180+1"]
[EndTime "14:18:16 PDT"]
[Termination "TheDiscoOne won on time"]

1. e4 c5 2. Nf3 g6 3. d4 cxd4 4. Nxd4 Nc6 5. c4 Nf6 6. Nc3 Nxd4 7. Qxd4 d6 8. f3 Bg7 9. Be2 O-O 10. Qd3 Be6 11.
Be3 Qa5 12. Rc1 Rfc8 13. b3 a6 14. O-O b5 15. cxb5 axb5 16. Qxb5 Nd7 17. Qxa5 Rxa5 18.
Na4 Nc5 19. Nb6 Rb8 20. b4 Rxa2 21. bxc5 Rxe2 22. Bf4 Bd4+ 23. Kh1 Bxc5 24. Na4 Be3 25. Bxe3 Rxe3 26. Rc7 Kf8 27. Rfc1 Rb4 28. Nc3 Rc4 29. Rxc4 Bxc4 30. Kg1 Be6 31. Kf2 Rd3 32. Ke2 Bc4 33.
Kf2 Rd2+ 34. Kg1 Be6 35. Kf1 Rb2 36. Ne2 Kg7 37. Nd4 Kf6 38. Nc6 Bd7 39. Nd4 Rd2 40.
Nb3 Rb2 41. Nd4 Ke5 42. Nc2 Bb5+ 43. Kg1 Bd3 44. Ne3 Kd4 45. Nd1 Rb1 46. Rxb1 Bxb1 47. Kf2 e6 48. Ne3 Ba2 49. Ng4 h5 50. Nf6 d5 51.
exd5 exd5 52. Ng8 Kc3 53. g4 hxg4 54. fxg4 d4 55. Nf6 d3 56. Ne4+ Kd4 57. Nd2 Bd5 0-1

[Event "Late-Titled-Tuesday-Blitz-May-07-2024"]
[Site "Chess.com"]
[Date "2024.05.07"]
[Round "2"]
[White "th3d4rkness"]
[Black "Balla_Tamas"]
[Result "0-1"]
[WhiteElo "2219"]
[BlackElo "2516"]
[TimeControl "180+1"]
[EndTime "14:18:16 PDT"]
[Termination "Balla_Tamas won by resignation"]

1. e4 c5 2. Nc3 Nc6 3. Bb5 Nd4 4. Bc4 e6 5. f4 a6 6. a4 Nf6 7. d3 d5 8. Ba2 Be7 9. Nf3 O-O 10. O-O b5 11. e5 Nxf3+ 12. Rxf3 Nd7 13. axb5 axb5 14.
Nxb5 Qb6 15. Na3 f6 16. exf6 Bxf6 17. Bb3 c4+ 18. Be3 Bd4 19. dxc4 Bxe3+ 20. Kh1 dxc4 21. Nxc4 Rxa1 22. Qxa1 Qa7 23. Qe1 Bxf4 24. Qxe6+ Kh8 25. g3 Bb7 26. Nd2 Bxd2 27. Bd5 Bxd5 28. Qxd5 Rxf3 29.
Qxf3 h6 30. Qd5 Be3 31. b4 Qd4 32. Qxd4 Bxd4 33. Kg2 Bc3 34. b5 Kg8 35. Kf3 Kf7 36. Ke4 Ke6 37. Kd3 Ba5 38. c4 Bb6 39. Ke4 Nc5+ 40.
Kf4 Nd3+ 41. Ke4 Nb2 42. Kf4 Nxc4 43. g4 Bc7+ 44. Ke4 Bxh2 45. Kd4 Nb6 46. Kc5 Bg1+ 47.
Kb4 Kd6 48. Kc3 Kc5 49. Kd2 Kxb5 50. Ke2 Bd4 51. Kf3 Bf6 52. Ke4 Kc6 53. Kf5 Nd7 54. g5 Bxg5 0-1

[Event "Late-Titled-Tuesday-Blitz-May-07-2024"]
[Site "Chess.com"]
[Date "2024.05.07"]
[Round "2"]
[White "Mikhail_Golubev"]
[Black "TheSilmarils"]
[Result "0-1"]
[WhiteElo "2605"]
[BlackElo "2889"]
[TimeControl "180+1"]
[EndTime "14:18:17 PDT"]
[Termination "TheSilmarils won on time"]

1. e4 c6 2. d4 d5 3. Nc3 dxe4 4. Nxe4 Bf5 5. Ng3 Bg6 6. c3 e6 7. Nh3 Nf6 8. Nf4 Bd6 9. h4 Qc7 10. Qf3 Nbd7 11. h5 Bc2 12. h6 gxh6 13. Bd3 Bxd3 14.
Nxd3 Rg8 15. Rh3 O-O-O 16. Bxh6 Qa5 17. Bf4 Bxf4 18. Qxf4 h5 19. a3 Rg4 20. Qf3 Qg5 21. Ne2 Rxg2 22. Kd1 Qg4 23. Kc2 Qxf3 24. Rxf3 Rh8 25.
Rh1 Rg5 26. Rfh3 Ne4 27. f3 Nef6 28. Kd2 Kd8 29. f4 Rg2 30. Ne5 Ke7 31. Kd3 Rhg8 32. b4 Nxe5+ 33. fxe5 Ng4 34. Nf4 Nf2+ 35. Kc4 R2g4 36.
Nxh5 Nxh1 37. Rxh1 Rh8 38. Nf6 Rxh1 39. Nxg4 b6 40. a4 Ra1 41. Kb3 Kd7 42. Nf6+ Kd8 43. Ne4 Kc7 44. Nd6 f5 45. b5 cxb5 46. axb5 Kd7 47.
Kc4 Rd1 48. Nf7 Ke7 49. Ng5 Rb1 50. Nf3 f4 51. Kd3 Rxb5 52. Ke4 a5 53. Kxf4 a4 54. Nd2 a3 0-1

[Event "Late-Titled-Tuesday-Blitz-May-07-2024"]
[Site "Chess.com"]
[Date "2024.05.07"]
[Round "2"]
[White "Mariia89"]
[Black "GrotBchess"]
[Result "0-1"]
[WhiteElo "2228"]
[BlackElo "2518"]
[TimeControl "180+1"]
[EndTime "14:18:18 PDT"]
[Termination "GrotBchess won on time"]

1. d4 Nf6 2. Nf3 e6 3. Bg5 Be7 4. e3 d5 5. Bd3 h6 6. Bh4 c5 7. c3 Nc6 8. Nbd2 Nd7 9. Bg3 O-O 10. Ne5 Bf6 11. f4 Qb6 12. Rb1 a5 13. O-O a4 14.
Qg4 cxd4 15. exd4 Nxd4 16. Bf2 Bxe5 17. fxe5 Nxe5 18. Bxd4 Nxg4 19. Bxb6 e5 20. Bf5 Bxf5 21. Rxf5 g6 22. Rff1 f5 23. h3 Nf6 24. Nf3 Rfe8 25. Rfe1 Ne4 26. Rbd1 a3 27. bxa3 Ra6 28. Bc7 Nxc3 29.
Rd3 d4 30. Rxe5 Rxe5 31. Bxe5 Rxa3 32. Kh2 Rxa2 33. Bxd4 Ne4 34. Be3 g5 35. Rd8+ Kf7 36. Rd7+ Kg6 37. Rxb7 Re2 38. Rb6+ Kh5 39. Bd4 g4 40.
hxg4+ fxg4 41. Be5 gxf3 42. Kh3 fxg2 43. Rb1 Nf2+ 44.
Kxg2 Ng4+ 45. Kf3 Rxe5 46. Rh1+ Kg5 47. Kg3 h5 48. Rh4 Re3+ 49. Kg2 Kxh4 0-1

[Event "Late-Titled-Tuesday-Blitz-May-07-2024"]
[Site "Chess.com"]
[Date "2024.05.07"]
[Round "2"]
[White "Mops_2004"]
[Black "Road2GM3000"]
[Result "1-0"]
[WhiteElo "2807"]
[BlackElo "2476"]
[TimeControl "180+1"]
[EndTime "14:18:19 PDT"]
[Termination "Mops_2004 won by resignation"]

1. e4 e5 2. Nf3 Nf6 3. Nxe5 d6 4. Nd3 Nxe4 5. Qe2 Qe7 6. Nf4 Nf6 7. d4 Qxe2+ 8.
Bxe2 Be7 9. Bd3 O-O 10. f3 Re8 11.
h4 Nbd7 12. Kf2 Nf8 13. c4 Ne6 14. Ne2 d5 15. Nbc3 dxc4 16. Bxc4 c6 17. g4 Nc7 18.
Nf4 Bd6 19. g5 Bxf4 20. Bxf4 Nfd5 21. Bd2 Be6 22. Ne4 Rad8 23. Nc5 b6 24. Nxe6 Nxe6 25.
Bc3 Nxc3 26. bxc3 c5 27. d5 Nc7 28. Rad1 Rd6 29. Bb3 b5 30. c4 bxc4 31. Bxc4 Red8 32. Rd3 Kf8 33. Rhd1 h6 34. Ra3 a6 35. Ra5 hxg5 36. hxg5 Nxd5 37. Rxc5 Nb4 38. Rxd6 Rxd6 39. Rc8+ Ke7 40.
Rc7+ Rd7 41. Rxd7+ Kxd7 42. Bxf7 Kd6 43. Ke3 a5 44. Kd4 Nc6+ 45. Ke4 a4 46. f4 a3 47. Bb3 Na5 48. Bd5 Kc5 49. f5 Kd6 50. Kd4 Nc6+ 51. Bxc6 Kxc6 52. Ke5 Kd7 53. f6 gxf6+ 54. Kxf6 Ke8 55.
Kg7 1-0

[Event "Late-Titled-Tuesday-Blitz-May-07-2024"]
[Site "Chess.com"]
[Date "2024.05.07"]
[Round "2"]
[White "mbojan"]
[Black "MalyDominator"]
[Result "1-0"]
[WhiteElo "2895"]
[BlackElo "2613"]
[TimeControl "180+1"]
[EndTime "14:18:20 PDT"]
[Termination "mbojan won by resignation"]

1. e4 c5 2. Nf3 d6 3. d4 cxd4 4.
Nxd4 Nf6 5. Nc3 Nc6 6. Bg5 e6 7. Qd2 a6 8. O-O-O Bd7 9. f3 Nxd4 10. Qxd4 b5 11. Kb1 Qc7 12. Bxf6 gxf6 13. Qxf6 Rg8 14. Qd4 Rb8 15. Ne2 Ke7 16. Qd2 Bg7 17. Nc1 a5 18. f4 Rgc8 19. h4 b4 20. Rh3 a4 21. Rd3 Bc3 22. Qf2 Rb6 23. h5 Bb5 24.
Rh3 Bxf1 25. Rxf1 Bd4 26. Qe2 a3 27. b3 Rc6 28. c4 bxc3 29. Qc2 Rg8 30. Nd3 Rxg2 31.
Qxg2 c2+ 32. Kc1 Bb2+ 33. Nxb2 axb2+ 34. Kxb2 c1=Q+ 35. Rxc1 Rxc1 36. Qd2 Rf1 37. Rc3 Qb6 38.
Rc2 Kd7 39. e5 d5 40. Qc3 Rf2 41. a4 Rxc2+ 42. Qxc2 Qd4+ 43. Ka3 Qxf4 44. a5 Qxe5 45. b4 Qa1+ 46. Kb3 Qd4 47. Qxh7 Qd3+ 48. Qxd3 d4 49. Qc2 1-0

[Event "Late-Titled-Tuesday-Blitz-May-07-2024"]
[Site "Chess.com"]
[Date "2024.05.07"]
[Round "2"]
[White "gmcorrales"]
[Black "Defend1r"]
[Result "0-1"]
[WhiteElo "2878"]
[BlackElo "2623"]
[TimeControl "180+1"]
[EndTime "14:18:20 PDT"]
[Termination "Defend1r won on time"]

1. e4 c5 2. Nf3 d6 3. d4 cxd4 4. Nxd4 Nf6 5. Nc3 a6 6. g3 e5 7. Nb3 Be7 8. Bg2 O-O 9. O-O Be6 10. a4 Nc6 11. h3 Nb4 12. Nd5 Nfxd5 13. exd5 Bf5 14. c3 Bc2 15. Qd2 Bxb3 16. cxb4 Rc8 17. Re1 Bc2 18. Qe3 Qd7 19. Bd2 Bxa4 20. f4 Bf6 21. fxe5 Bxe5 22. Bc3 Rfe8 23. Qf3 Bxc3 24. bxc3 Bb5 25. g4 Rxe1+ 26. Rxe1 Re8 27. Qf2 Rxe1+ 28.
Qxe1 Kf8 29. Qe4 Qe7 30. Qxh7 Qe1+ 31. Kh2 Qe5+ 32. Kg1 Qxc3 33. Qh8+ Ke7 34. Qh4+ Qf6 35. g5 Qa1+ 36. Kh2 Qe5+ 37. Kg1 g6 38. Qg4 Bd7 39. Qh4 b6 40. Kh1 a5 41. bxa5 bxa5 42. Kg1 a4 43. Kh1 a3 44. Qf2 Qb2 45. Qe3+ Kf8 46. Qf4 Qa1+ 47.
Bf1 Qe5 48. Qxe5 dxe5 49. Bc4 Ke7 50. Kg2 Kd6 51. h4 Bf5 52. Kf3 Bb1 0-1

[Event "Late-Titled-Tuesday-Blitz-May-07-2024"]
[Site "Chess.com"]
[Date "2024.05.07"]
[Round "2"]
[White "DucksParadise"]
[Black "pouya21"]
[Result "1/2-1/2"]
[WhiteElo "2570"]
[BlackElo "2826"]
[TimeControl "180+1"]
[EndTime "14:18:23 PDT"]
[Termination "Game drawn by repetition"]

1. d4 Nf6 2. Nf3 d5 3. Bf4 g6 4. e3 Bg7 5. h3 O-O 6. Be2 b6 7. O-O Bb7 8. Nbd2 c5 9. c3 Nc6 10. Bh2 Nd7 11. c4 dxc4 12. d5 Nb4 13. Nxc4 Nxd5 14.
Qd2 N7f6 15. Rfd1 Qc8 16. Rac1 Rd8 17. a3 Nc7 18. Qxd8+ Qxd8 19. Rxd8+ Rxd8 20. Bxc7 Rd7 21. Bf4 Nd5 22. Be5 f6 23. Bh2 e5 24. Rd1 Bc6 25. e4 Nc7 26. Rxd7 Bxd7 27. Nfd2 Ne6 28. Bd3 b5 29.
Ne3 c4 30. Bb1 Bf8 31. Nd5 Kf7 32. f4 Bc5+ 33. Kf1 Bd4 34. fxe5 Bxb2 35. exf6 Bxa3 36. Nf3 Bc8 37. Ne5+ Kf8 38. f7 Bb2 39. Nf6 Bxe5 40. Bxe5 h5 41. Nd5 Kxf7 42. Nc7 Nxc7 43. Bxc7 Ke6 44.
Kf2 b4 45. Ba5 b3 46. Ke3 Bd7 47. Bc3 Bc6 48. Kf4 Kd6 49. Kg5 Kc5 50. Kxg6 a5 51.
Bxa5 Kd4 52. Kf5 c3 53. Bxc3+ Kxc3 54. e5 Kb2 55. Bd3 Kc3 56. Bb1 Kb2 57. Bd3 Kc3 58. Bb1 1/2-1/2